 Dungeon Crawl Stone Soup version 0.17.0-55-g1383181 (webtiles) character file.

170 Opium the Conjurer (level 5, 0/25 HPs)
             Began as a Vine Stalker Conjurer on Dec 4, 2015.
             Succumbed to a worker ant's poison
             ... on level 4 of the Dungeon.
             The game lasted 00:22:45 (3851 turns).

Opium the Conjurer (Vine Stalker Conjurer)          Turns: 3851, Time: 00:22:45

Health: 0/25       AC:  3    Str: 10    XL:     5   Next: 50%
Magic:  0/10       EV: 13    Int: 16    God:
Gold:   87         SH:  0    Dex: 15    Spells: 2 memorised, 6 levels left

rFire  . . .     SeeInvis .     (no weapon)
rCold  . . .     Clarity  .     a - +0 robe
rNeg   . . .     SustAt   .     (no shield)
rPois  +         Gourm    .     m - +0 helmet
rElec  .         Spirit   +     (no cloak)
rCorr  .         Warding  .     (no gloves)
rMut   .         Stasis   .     (no boots)
MR     .....                    (no amulet)
Stlth  ++........               (no ring)
                                i - ring of poison resistance

@: lethally poisoned (0 -> -2), very slightly contaminated, not resistant to
hostile enchantments, unstealthy
A: fangs 2, regeneration 1, magic shield, antimagic bite, no device heal 3, rot
immunity
a: no special abilities


You were on level 4 of the Dungeon.
You were very hungry.

You visited 1 branch of the dungeon, and saw 4 of its levels.

You collected 87 gold pieces.

Inventory:

Armour
 a - a +0 robe (worn)
 m - a +0 helmet (worn)
Jewellery
 i - a ring of poison resistance (left hand)
Scrolls
 d - a scroll of recharging {unknown}
 f - a scroll of fog {unknown}
 g - 2 scrolls of remove curse {unknown}
 j - 2 scrolls of fear
 o - a scroll of blinking {unknown}
Potions
 e - a potion of curing
 h - 2 potions of flight {unknown}
 k - 2 potions of heal wounds {unknown}
 p - a potion of might {unknown}
Books
 b - a book of Conjurations

   Spells                             Type                      Level
   a - Magic Dart                     Conjuration                  1
   b - Searing Ray                    Conjuration                  2
   c - Dazzling Spray                 Conjuration/Hexes            3
   d - Fulminant Prism                Conjuration/Hexes            4
   e - Iskenderun's Mystic Blast      Conjuration                  4
   f - Iskenderun's Battlesphere      Conjuration/Charms           5
 q - an Akashic Record

   Spells                             Type                      Level
   a - Dispersal                      Translocation                6
   b - Malign Gateway                 Summoning/Translocation      7
   c - Disjunction                    Translocation                8
   d - Controlled Blink               Translocation                8
Comestibles
 c - a bread ration
 l - a meat ration
 n - 5 fruits
 r - a beef jerky
 s - a chunk of flesh


   Skills:
 + Level 0.3 Fighting
 + Level 2.4 Dodging
 + Level 3.4 Stealth
 + Level 3.1 Spellcasting
 + Level 5.2 Conjurations


You had 6 spell levels left.
You knew the following spells:

 Your Spells              Type           Power        Failure   Level  Hunger
a - Magic Dart            Conj           ###.         1%          1    None
b - Dazzling Spray        Conj/Hex       ##......     21%         3    ###....


Dungeon Overview and Level Annotations

Branches:
Dungeon (4/15)
 Temple: D:4-7

Altars:
Yredelemnul


Innate Abilities, Weirdness & Mutations

You have extremely sharp teeth.
Your natural rate of healing is unusually fast.
When hurt, damage is shared between your health and your magic reserves.
Your bite disrupts and absorbs the magic of your enemies.
Potions and wands cannot restore your health.
You are immune to rotting.


Message History

The orc wizard is almost dead.
The orc wizard casts a spell.
The orc wizard flickers and vanishes!
You hear some strange, mumbled words.
Something tries to affect you, but you resist.
You hit something.
Reactivating autopickup.
You feel a bit more experienced.
There are monsters nearby!
The worker ant barely misses you. The worker ant bites you.
* * * LOW HITPOINT WARNING * * *
The worker ant bites you.
* * * LOW HITPOINT WARNING * * *
You are lethally poisoned!
The worker ant poisons you!
* * * LOW HITPOINT WARNING * * *
You feel sick.
You see here a giant newt skeleton.
You die...

#..o..# #.#.###
#...#.###.....#
#......##o#.#.####
#...#..##.......... ###
#......##Z#.#.#####
...########..##.##.....#
#...Z....)..)..##.#.###
###.######..#..##a#.#
.....# #.....@รท.#.#
###.o# ##.#..##.#.# ..o.
#.#..##...# #....
..l.......# #...l.
......###.## #.....
.###...# .# #........
#...# .# .# #...# .#


You could see a worker ant and a giant newt (wandering).

Vanquished Creatures
  2 orc wizards
  Jessica (D:3)
  2 adders (D:2)
  4 orcs
  6 bats
  2 giant cockroaches
  2 gnoll zombies (D:3)
  5 goblins
  5 hobgoblins
  6 jackals
  A quokka (D:3)
  A giant cockroach zombie (D:3)
  4 giant geckos
  6 giant newts
  10 kobolds
  A quokka skeleton (D:4)
  5 rats
63 creatures vanquished.

Vanquished Creatures (others)
  An orc (D:4)
1 creature vanquished.

Grand Total: 64 creatures vanquished

Notes
Turn   | Place    | Note
--------------------------------------------------------------
     0 | D:1      | Opium the Vine Stalker Conjurer began the quest for the Orb.
     0 | D:1      | Reached XP level 1. HP: 9/9 MP: 4/4
   220 | D:1      | Reached XP level 2. HP: 13/13 MP: 1/6
   843 | D:2      | Reached XP level 3. HP: 4/16 MP: 0/7
  2317 | D:3      | Reached skill level 5 in Conjurations
  2317 | D:3      | Reached XP level 4. HP: 21/21 MP: 2/9
  2428 | D:3      | Learned a level 3 spell: Dazzling Spray
  2769 | D:3      | Noticed Jessica
  2776 | D:3      | Killed Jessica
  2776 | D:3      | Reached XP level 5. HP: 24/24 MP: 3/10
  2955 | D:3      | Found a basalt altar of Yredelemnul.
  3850 | D:4      | HP: 1/25 [poisoned by a worker ant]
  3851 | D:4      | Succumbed to a worker ant's poison

Action                   |  1- 3 |  4- 6 || total
-------------------------+-------+-------++-------
Melee: Unarmed           |    10 |    18 ||    28
 Cast: Magic Dart        |    72 |    56 ||   128
       Dazzling Spray    |       |     7 ||     7
  Use: Scroll            |     5 |       ||     5
       Potion            |     1 |     1 ||     2
  Eat: Chunk             |     3 |       ||     3
       Beef jerky        |     1 |       ||     1
       Bread ration      |       |     1 ||     1
       Fruit             |       |     1 ||     1
